 Dungeon Crawl Stone Soup version 0.22.1-1-ga44c0e56f4 (webtiles) character file.

24539 PikkenKukken the Grappler (level 12, -2/118 HPs)
             Began as a Troll Monk on Oct 3, 2018.
             Was a High Priest of Elyvilon.
             Slain by a bullfrog (8 damage)
             ... on level 4 of the Lair of Beasts.
             The game lasted 00:38:29 (12337 turns).

PikkenKukken the Grappler (Troll Monk)             Turns: 12337, Time: 00:38:30

Health: -2/118     AC:  9    Str: 24    XL:     12   Next: 81%
Magic:  15/15      EV: 10    Int:  8    God:    Elyvilon [*****.]
Gold:   739        SH: 15    Dex: 12    Spells: 7/11 levels left

rFire    + . .     SeeInvis .     - Unarmed
rCold    . . .     Gourm    +   D - +0 large shield {rF+}
rNeg     . . .     Faith    .   C - +0 robe {MR+}
rPois    .         Spirit   .   (helmet restricted)
rElec    .         Reflect  .   d - +1 cloak
rCorr    .         Harm     .   (gloves unavailable)
MR       +....                  (boots unavailable)
Stlth    +++.......             (no amulet)
HPRegen  0.69/turn              G - ring of stealth
MPRegen  0.14/turn              u - +2 ring of protection

@: slowed, very slow
A: large, unfitting armour, claws 3, fast metabolism 3, gourmand, regeneration
1, shaggy fur 1, tough skin 2
a: Lesser Healing, Heal Other, Purification, Greater Healing, Divine Vigour,
Divine Protection, Renounce Religion


You were on level 4 of the Lair of Beasts.
You worshipped Elyvilon.
Elyvilon was extremely pleased with you.
You were completely stuffed.

You visited 3 branches of the dungeon, and saw 16 of its levels.

You collected 886 gold pieces.
You spent 147 gold pieces at shops.

Inventory:

Hand Weapons
 b - a +0 blowgun
Missiles
 f - 6 tomahawks
 m - 4 tomahawks of dispersal
 s - 7 large rocks (quivered)
 A - 40 poisoned needles
 J - 5 curare-tipped needles
Armour
 a - a +0 robe
 d - a +1 cloak (worn)
 h - a +0 cloak
 j - a +0 shield
 C - a +0 robe of magic resistance (worn)
 D - a +0 large shield of fire resistance (worn)
 E - a +0 robe of cold resistance
Jewellery
 p - an uncursed ring of flight
 u - a +2 ring of protection (right claw)
 G - a ring of stealth (left claw)
Wands
 o - a wand of scattershot (10)
 w - a wand of iceblast (10)
 y - a wand of flame (19)
Scrolls
 g - 3 scrolls of identify
 l - 2 scrolls of amnesia
 n - 4 scrolls of teleportation
 r - a scroll of magic mapping
 t - 4 scrolls of remove curse
 x - a scroll of fear
 H - a scroll of blinking {unknown}
Potions
 c - a potion of cancellation
 e - 3 potions of brilliance
 i - 5 potions of flight
 k - 4 potions of curing
 q - 2 potions of heal wounds
 v - 2 potions of mutation
 z - a potion of magic
 B - a potion of might
 F - 2 potions of ambrosia
Comestibles
 I - 35 rations


   Skills:
 + Level 7.4 Fighting
 + Level 7.5 Throwing
 - Level 4.0 Armour
 + Level 7.4 Dodging
 - Level 2.5 Stealth
 - Level 4.0 Shields
 * Level 12.0 Unarmed Combat
 - Level 2.0 Charms
 - Level 2.0 Air Magic
 + Level 6.6 Invocations


You had 7 spell levels left.
You knew the following spells:

 Your Spells              Type           Power        Failure   Level  Hunger
a - Swiftness             Chrm/Air       #.......     97%         2    ###....
b - Blink                 Tloc           N/A          100%        2    ###....

Your spell library contained the following spells:

 Spells                   Type           Power        Failure   Level  Hunger
 Shock                    Conj/Air       #...         97%         1    ##.....
 Magic Dart               Conj           #...         99%         1    ##.....
 Call Imp                 Summ           #.......     100%        2    ###....
 Slow                     Hex            #.......     100%        2    ###....
 Conjure Flame            Conj/Fire      #.......     100%        3    ####...
 Mephitic Cloud           Conj/Pois/Air  #.......     100%        3    ####...
 Static Discharge         Conj/Air       #.......     100%        3    ####...
 Airstrike                Air            #.........   100%        4    #####..
 Lightning Bolt           Conj/Air       #.........   100%        5    ######.


Dungeon Overview and Level Annotations

Branches:
Dungeon (10/15)            Temple (1/1) D:6            Lair (5/6) D:10
  Swamp (0/4) Lair:4        Slime (0/5) Lair:5
  Snake: Lair:2-4    Spider: Lair:2-4       Orc: D:9-12

Altars:
Ashenzari
Cheibriados
Dithmenos
Elyvilon
Fedhas
Gozag
Hepliaklqana
Kikubaaqudgha
Makhleb
Nemelex Xobeh
Okawaru
Qazlal
Ru
Sif Muna
Trog
Uskayaw
Vehumet
Wu Jian
Xom
Yredelemnul
Zin
The Shining One

Shops:
D:5 ?   D:9 %   D:10 (

Annotations:
Lair:1 3 runed doors, 3rdEnemy's ghost, journeyman GrFi; Gul Diob's ghost, novice HOFi; NeAGen181's ghost, journeyman HOFi; Rueph's ghost, journeyman DsGl


Innate Abilities, Weirdness & Mutations

You are too large for most types of armour.
You have claws for hands.
Your metabolism is lightning-fast.
You like to eat raw meat.
Your natural rate of healing is unusually fast.
You are covered in fur. (AC +1)
You have very tough skin. (AC +2)


Message History

The torpor snail is heavily wounded.
You block the bullfrog's attack.
The dream sheep ruffles its wool and motes of dream dust sparkle, to no effect.
The torpor snail bites you!
* * * LOW HITPOINT WARNING * * *
Unknown command.
You claw the torpor snail!
The torpor snail is severely wounded.
You block the bullfrog's attack.
The dream sheep ruffles its wool and motes of dream dust sparkle, to no effect.
You block the bullfrog's attack.
A yak comes into view.
The torpor snail bites you.
* * * LOW HITPOINT WARNING * * *
You scratch the torpor snail but do no damage.
The torpor snail is severely wounded.
You block the bullfrog's attack. The dream sheep bites you!
* * * LOW HITPOINT WARNING * * *
The bullfrog hits you!
You die...

,,*,,,,,*,,+,,,,,,,..,,*#........
,,,*,,,**,,*,,,,,,,,...##.#.#.###
,,,,,,*,,,**,,,,,,,YY..##########
,,,*,*,,*******,,,,.P.#* #.
,,,,**,** ########Y..##*******#.
*****,** ##...........#*,**,,#.+
,,,,,,* #....>.......#*,,......
,,,,,,* *#....F......#*,,......
,,,,,,* ##....@w.....#*,,......
,,,,,** #......Y......*,,......
,,,,,**** #.............,,,......
,,,,,,,,**#..[.>.......#,,,...)..
,,,,,,,,...+[...........,,*#..#..
**,,***,*##........?....*********
**** *** #P##.....#.###*
##*##.###### ###


You could see a torpor snail, 2 yaks, a bullfrog and a dream sheep.

Vanquished Creatures
  A hydra (Lair:5)
  Harold (D:8)
  2 two-headed ogres
  Erica (D:8)
  Sonja (Lair:4)
  An unseen horror (D:10)
  Pikel (D:4)
  Maurice (D:9)
  8 elephants
  A torpor snail (Lair:3)
  3 spiny frogs
  3 rime drakes
  A komodo dragon (Lair:4)
  A troll (D:10)
  Prince Ribbit (D:9)
  2 tyrant leeches (Lair:4)
  A dream sheep (Lair:4)
  4 slime creatures (Lair:4)
  3 hippogriffs
  11 blink frogs
  A wraith (D:7)
  2 wyverns (Lair:5)
  26 yaks
  A basilisk (Lair:5)
  A hungry ghost (D:10)
  5 water moccasins
  6 porcupines
  An orc warrior (D:10)
  A slave (D:4)
  2 ice beasts
  A black bear (D:10)
  2 phantoms
  8 sky beasts
  3 ogres
  A necrophage (D:7)
  5 centaurs
  2 big kobolds
  4 crocodiles
  5 bullfrogs
  2 scorpions (D:10)
  7 wights
  2 howler monkeys (D:9)
  3 crimson imps
  6 human zombies (D:7)
  2 quasits (D:8)
  3 hounds
  6 orc wizards
  2 bullfrog skeletons
  2 orc priests
  A human skeleton (D:7)
  A centaur skeleton (D:6)
  5 iguanas
  7 worker ants
  A killer bee zombie (D:10)
  An ogre zombie (D:7)
  A hound zombie (D:8)
  2 hound skeletons
  2 mummies (D:7)
  A worker ant zombie (D:5)
  7 adders
  7 gnolls
  A shadow imp (D:5)
  An ooze (D:1)
  3 adder skeletons
  4 worms (D:2)
  2 dart slugs (D:1)
  7 leopard geckos
  21 orcs
  8 giant cockroaches
  8 goblins
  10 hobgoblins
  14 jackals
  3 quokkas
  2 ball pythons (D:1)
  18 bats
  2 frilled lizards
  A jackal zombie (D:6)
  17 kobolds
  A leopard gecko skeleton (D:4)
  8 rats
  A fungus (D:10)
328 creatures vanquished.

Vanquished Creatures (others)
  A plant (Lair:2)
  2 withered plants (Lair:1)
3 creatures vanquished.

Grand Total: 331 creatures vanquished

Notes
Turn   | Place    | Note
-------+----------+-------------------------------------------
     0 | D:1      | PikkenKukken the Troll Monk began the quest for the Orb.
     0 | D:1      | Reached XP level 1. HP: 22/22 MP: 0/0
   104 | D:1      | Reached XP level 2. HP: 29/29 MP: 1/1
   544 | D:1      | Reached XP level 3. HP: 36/36 MP: 2/2
  1194 | D:2      | Reached XP level 4. HP: 44/44 MP: 3/3
  1200 | D:2      | Found a stormy altar of Qazlal.
  1756 | D:3      | Reached skill level 1 in Throwing
  1808 | D:3      | Reached skill level 4 in Unarmed Combat
  1824 | D:3      | Reached XP level 5. HP: 32/53 MP: 4/4
  2172 | D:3      | Noticed an ice beast
  2181 | D:3      | Killed an ice beast
  2630 | D:4      | Reached XP level 6. HP: 59/61 MP: 5/5
  2664 | D:4      | Noticed a slave
  2664 | D:4      | Noticed Pikel
  2664 | D:4      | Noticed a slave
  2664 | D:4      | Noticed a slave
  2664 | D:4      | Noticed a slave
  2722 | D:4      | Killed a slave
  2856 | D:4      | Killed Pikel
  2856 | D:4      | Reached skill level 5 in Unarmed Combat
  2856 | D:4      | Reached XP level 7. HP: 28/68 MP: 6/6
  3193 | D:5      | Entered Level 5 of the Dungeon
  3322 | D:5      | Reached skill level 6 in Unarmed Combat
  3376 | D:5      | Found Heicuuf's Magic Scroll Shoppe.
  3389 | D:5      | Bought a scroll of identify for 24 gold pieces
  3389 | D:5      | Bought a scroll of identify for 24 gold pieces
  3389 | D:5      | Bought a scroll of identify for 24 gold pieces
  3417 | D:5      | Reached XP level 8. HP: 69/78 MP: 7/7
  3504 | D:5      | Found a radiant altar of Vehumet.
  3690 | D:6      | Found a staircase to the Ecumenical Temple.
  3706 | Temple   | Entered the Ecumenical Temple
  3855 | Temple   | Became a worshipper of Elyvilon the Healer
  3855 | Temple   | Reached * piety under Elyvilon
  3855 | Temple   | Reached ** piety under Elyvilon
  4167 | D:6      | Reached skill level 1 in Invocations
  4610 | D:6      | Reached skill level 7 in Unarmed Combat
  4669 | D:6      | Found a shattered altar of Ashenzari.
  4669 | D:6      | Found an iron altar of Okawaru.
  5127 | D:7      | Found a basalt altar of Yredelemnul.
  5140 | D:7      | Reached XP level 9. HP: 83/85 MP: 9/9
  5308 | D:7      | Reached skill level 8 in Unarmed Combat
  5395 | D:7      | Reached skill level 5 in Dodging
  5829 | D:8      | Reached *** piety under Elyvilon
  5961 | D:8      | Reached skill level 5 in Fighting
  6199 | D:8      | Found an opulent altar of Gozag.
  6212 | D:8      | Noticed Harold
  6277 | D:8      | Killed Harold
  6277 | D:8      | Reached skill level 5 in Throwing
  6359 | D:8      | Noticed Erica
  6363 | D:8      | Killed Erica
  6363 | D:8      | Reached skill level 9 in Unarmed Combat
  6363 | D:8      | Reached XP level 10. HP: 83/96 MP: 11/11
  6480 | D:8      | Found a sparkling altar of Nemelex Xobeh.
  7021 | D:9      | Found a hazy altar of Hepliaklqana.
  7156 | D:9      | Noticed Prince Ribbit
  7160 | D:9      | Noticed Maurice
  7163 | D:9      | Killed Prince Ribbit
  7164 | D:9      | Noticed a two-headed ogre
  7320 | D:9      | Killed Maurice
  7606 | D:9      | Found Niguwih's Food Emporium.
  7622 | D:9      | Reached skill level 1 in Armour
  7622 | D:9      | Reached skill level 1 in Shields
  7682 | D:9      | Reached **** piety under Elyvilon
  7821 | D:9      | Reached skill level 10 in Unarmed Combat
  7908 | D:9      | Killed a two-headed ogre
  7935 | D:10     | Entered Level 10 of the Dungeon
  7935 | D:10     | Noticed a two-headed ogre
  8033 | D:10     | Found a sparkling altar of Nemelex Xobeh.
  8094 | D:10     | Reached XP level 11. HP: 105/105 MP: 13/13
  8173 | D:10     | Reached skill level 5 in Invocations
  8339 | D:10     | Killed an unseen horror
  8403 | D:10     | Found Gitooce's Weapon Shop.
  8419 | D:10     | Bought 4 large rocks for 33 gold pieces
  8593 | D:10     | Killed a two-headed ogre
  8634 | D:10     | Noticed a green ugly thing
  8634 | D:10     | Noticed a purple ugly thing
  8634 | D:10     | Noticed a two-headed ogre
  8800 | D:10     | Learned a level 2 spell: Swiftness
  8811 | D:10     | Found a staircase to the Lair.
  8820 | Lair:1   | Entered Level 1 of the Lair of Beasts
  8820 | Lair:1   | Found a runed gate.
  8830 | Lair:1   | Found a runed gate.
  8832 | Lair:1   | Found a runed gate.
  8839 | Lair:1   | Noticed Gul Diob's ghost (novice HOFi)
  8840 | Lair:1   | Noticed NeAGen181's ghost (journeyman HOFi)
  8840 | Lair:1   | Noticed Rueph's ghost (journeyman DsGl)
  8845 | Lair:1   | Noticed 3rdEnemy's ghost (journeyman GrFi)
  8858 | Lair:1   | Identified a scroll of acquirement
  9032 | Lair:1   | Reached ***** piety under Elyvilon
  9143 | Lair:1   | You fall through a shaft!
  9231 | Lair:2   | Reached skill level 11 in Unarmed Combat
  9350 | Lair:3   | Reached skill level 1 in Charms
  9350 | Lair:3   | Reached skill level 1 in Air Magic
  9480 | Lair:2   | Learned a level 2 spell: Blink
 10017 | Lair:4   | Reached XP level 12. HP: 115/115 MP: 15/15
 10117 | Lair:4   | Noticed Sonja
 10148 | Lair:4   | Killed Sonja
 11093 | D:5      | Bought a scroll of magic mapping for 42 gold pieces
 12117 | Lair:5   | Noticed an eight-headed hydra
 12129 | Lair:5   | Killed an eight-headed hydra
 12182 | Lair:5   | Found a staircase to the Slime Pits.
 12250 | Lair:5   | Reached skill level 12 in Unarmed Combat
 12337 | Lair:4   | Slain by a bullfrog

Skill      XL: |  1  2  3  4  5  6  7  8  9 10 11 12 |
---------------+-------------------------------------+-----
Throwing       | 1 2 3 4 5 6 7 |  7.5
Dodging        | 3 4 5 6 7 |  7.4
Unarmed Combat | 4 5 6 7 9 10 11 12 | 12.0
Fighting       | 3 4 5 6 7 |  7.4
Stealth        | 2 |  2.5
Invocations    | 2 3 4 5 6 |  6.6
Armour         | 1 3 4 |  4.0
Shields        | 1 3 4 |  4.0
Charms         | 1 2 |  2.0
Air Magic      | 1 2 |  2.0

Action                   |  1- 3 |  4- 6 |  7- 9 | 10-12 || total
-------------------------+-------+-------+-------+-------++-------
Melee: Unarmed           |   134 |   159 |   262 |   577 ||  1132
       Punch             |     1 |     2 |    12 |    25 ||    40
 Fire: Blowgun           |       |       |       |    39 ||    39
Throw: Tomahawk          |     3 |     2 |    50 |    55 ||   110
       Large rock        |       |       |    10 |    12 ||    22
       Throwing net      |       |       |     1 |       ||     1
 Cast: Swiftness         |       |       |       |     1 ||     1
Invok: Heal Other        |       |       |     1 |     3 ||     4
       Lesser Healing    |       |       |       |     1 ||     1
       Greater Healing   |       |       |       |     2 ||     2
       Purification      |       |       |       |     2 ||     2
Evoke: Wand              |       |       |       |     5 ||     5
  Use: Scroll            |     3 |     6 |     9 |     8 ||    26
 Stab: Sleeping          |     5 |     5 |    10 |     5 ||    25
       Distracted        |       |     1 |     1 |       ||     2
  Eat: Chunk             |    16 |    16 |    32 |    61 ||   125
Armor: Robe              |    60 |    56 |    58 |   167 ||   341
Dodge: Dodged            |    62 |    75 |   103 |   264 ||   504
Block: Large shield      |       |       |       |   139 ||   139
